TOP OF THE 1ST |
London Majors batting - Pitching for Paris Cubs : LHP Dan Wright
|
Pitching: LHP Dan Wright
|
|
Batting: RHB Manny Valencia
|
0-0: Called Strike 0-1: Called Strike 0-2: Foul Ball, location: 2F 0-2: Foul Ball, location: 2F 0-2: Ball 1-2: Foul Ball, location: 2F 1-2: SINGLE (Line Drive, 7LS, EV 87.5 MPH)
|
Batting: LHB Michael Merideth
|
0-0: Called Strike Manny Valencia steals 2nd base 0-1: Called Strike 0-2: Strikes out swinging
|
Batting: LHB Manny Ruvalcaba
|
0-0: Called Strike 0-1: Ball 1-1: Swinging Strike 1-2: Strikes out swinging
|
Batting: RHB Dale Aubrey
|
0-0: Foul Ball, location: 2F 0-1: SINGLE (Line Drive, 9S, EV 105.0 MPH) Manny Valencia to third
|
Batting: LHB Edgar Crespo
|
0-0: Foul Ball, location: 2F 0-1: Ball 1-1: Fly out, F8 (Flyball, 78M, EV 77.5 MPH)
|
Top of the 1st over - 0 runs, 2 hits, 0 errors, 2 left on base; London 0 - Paris 0 |
BOTTOM OF THE 1ST |
Paris Cubs batting - Pitching for London Majors : RHP Ki-nam Kang
|
Pitching: RHP Ki-nam Kang
|
|
Batting: SHB Dave Farrow
|
0-0: Ball 1-0: Ball 2-0: Ball 3-0: Called Strike 3-1: Foul Ball, location: 2F 3-2: Foul Ball, location: 2F 3-2: Base on Balls
|
Batting: SHB A.J. Purcell
|
0-0: Foul Ball, location: 2F 0-1: Ball 1-1: Foul Ball, location: 2F 1-2: Fly out, F9 (Flyball, 9, EV 81.3 MPH)
|
Batting: RHB Mike Manchester
|
0-0: Ball 1-0: Ball 2-0: Called Strike 2-1: Foul Ball, location: 2F 2-2: Strikes out swinging
|
Batting: RHB Tokaji Sakamoto
|
0-0: Fly out, F8 (Flyball, 89M, EV 97.5 MPH)
|
Bottom of the 1st over - 0 runs, 0 hits, 0 errors, 1 left on base; London 0 - Paris 0 |
TOP OF THE 2ND |
London Majors batting - Pitching for Paris Cubs : LHP Dan Wright
|
Batting: SHB Gregg Whitecotton
|
0-0: Ball 1-0: Ball 2-0: Ball 3-0: Called Strike 3-1: Called Strike 3-2: TRIPLE (Flyball, 78XD, EV 96.3 MPH)
|
Batting: RHB Tim Bolt
|
0-0: Foul Ball, location: 2F 0-1: Foul Ball, location: 2F 0-2: Ball 1-2: Ball 2-2: Foul Ball, location: 2F 2-2: Strikes out looking
|
Batting: SHB Raul Flores
|
0-0: Called Strike 0-1: Ball 1-1: Called Strike 1-2: Ball 2-2: Foul Ball, location: 2F 2-2: Strikes out swinging
|
Batting: LHB Alfonso Collazo
|
0-0: Ball 1-0: Ball 2-0: Ball 3-0: Called Strike 3-1: Swinging Strike 3-2: Strikes out looking
|
Top of the 2nd over - 0 runs, 1 hit, 0 errors, 1 left on base; London 0 - Paris 0 |
BOTTOM OF THE 2ND |
Paris Cubs batting - Pitching for London Majors : RHP Ki-nam Kang
|
Batting: RHB Robert Chiarello
|
0-0: Ball 1-0: Ball 2-0: Called Strike 2-1: Called Strike 2-2: SINGLE (Groundball, 6D, EV 110.6 MPH)
|
Batting: SHB Marty Wiedmann
|
0-0: Called Strike 0-1: Ball 1-1: Ball 2-1: Foul Ball, location: 2F 2-2: Strikes out looking
|
Batting: RHB Shigeru Maeda
|
0-0: Called Strike 0-1: Grounds into double play, 4-6-3 (Groundball, 4, EV 96.3 MPH)
|
Bottom of the 2nd over - 0 runs, 1 hit, 0 errors, 0 left on base; London 0 - Paris 0 |
TOP OF THE 3RD |
London Majors batting - Pitching for Paris Cubs : LHP Dan Wright
|
Batting: RHB Manny Valencia
|
0-0: Called Strike 0-1: Ball 1-1: SINGLE (Line Drive, 8RS, EV 100.0 MPH)
|
Batting: LHB Michael Merideth
|
0-0: Ball 1-0: Ball 2-0: Called Strike 2-1: Foul Ball, location: 2F 2-2: Ball 3-2: Strikes out swinging
|
Batting: LHB Manny Ruvalcaba
|
0-0: Ball Manny Valencia is caught stealing 2nd base 2-6 1-0: DOUBLE (Flyball, 8LXD, EV 91.9 MPH)
|
Batting: RHB Dale Aubrey
|
0-0: Ball 1-0: Foul Ball, location: 2F 1-1: Ball 2-1: Called Strike 2-2: Ball 3-2: Strikes out looking
|
Top of the 3rd over - 0 runs, 2 hits, 0 errors, 1 left on base; London 0 - Paris 0 |
BOTTOM OF THE 3RD |
Paris Cubs batting - Pitching for London Majors : RHP Ki-nam Kang
|
Batting: RHB Josh Tunney
|
0-0: Ball 1-0: DOUBLE (Line Drive, 9LS, EV 94.4 MPH)
|
Batting: RHB D.J. Kelley
|
0-0: Ball 1-0: Swinging Strike 1-1: Ball 2-1: Ground out 4-3 (Groundball, 34, EV 98.1 MPH) Josh Tunney to third
|
Batting: SHB Dave Farrow
|
0-0: Called Strike 0-1: Foul Ball, location: 2F 0-2: Ball 1-2: Strikes out looking
|
Batting: SHB A.J. Purcell
|
0-0: Ball 1-0: Ball 2-0: Swinging Strike 2-1: Called Strike 2-2: Fly out, F8 (Flyball, 8RM, EV 85.6 MPH)
|
Bottom of the 3rd over - 0 runs, 1 hit, 0 errors, 1 left on base; London 0 - Paris 0 |
TOP OF THE 4TH |
London Majors batting - Pitching for Paris Cubs : LHP Dan Wright
|
Batting: LHB Edgar Crespo
|
0-0: Called Strike 0-1: Foul Ball, location: 2F 0-2: Ball 1-2: Strikes out swinging, 2-3 out at first.
|
Batting: SHB Gregg Whitecotton
|
0-0: Ball 1-0: Ball 2-0: Called Strike 2-1: Foul Ball, location: 2F 2-2: Fly out, F7 (Flyball, 78M, EV 90.0 MPH)
|
Batting: RHB Tim Bolt
|
0-0: Ball 1-0: Fly out, F1 (Line Drive, P, EV 65.6 MPH)
|
Top of the 4th over - 0 runs, 0 hits, 0 errors, 0 left on base; London 0 - Paris 0 |
BOTTOM OF THE 4TH |
Paris Cubs batting - Pitching for London Majors : RHP Ki-nam Kang
|
Batting: RHB Mike Manchester
|
0-0: Swinging Strike 0-1: Ball 1-1: Foul Ball, location: 2F 1-2: Ball 2-2: Ground out 5-3 (Groundball, 56, EV 106.3 MPH)
|
Batting: RHB Tokaji Sakamoto
|
0-0: Ball 1-0: SINGLE (Flyball, 89S, EV 86.9 MPH)
|
Batting: RHB Robert Chiarello
|
0-0: Foul Ball, location: 2F 0-1: Fly out, F8 (Flyball, 8RM, EV 90.0 MPH)
|
Batting: SHB Marty Wiedmann
|
0-0: Called Strike 0-1: SINGLE (Groundball, 4, EV 83.8 MPH) (infield hit) Tokaji Sakamoto to second
|
Batting: RHB Shigeru Maeda
|
0-0: Ball 1-0: Called Strike 1-1: Ball 2-1: Called Strike 2-2: Strikes out looking
|
Bottom of the 4th over - 0 runs, 2 hits, 0 errors, 2 left on base; London 0 - Paris 0 |
TOP OF THE 5TH |
London Majors batting - Pitching for Paris Cubs : LHP Dan Wright
|
Batting: SHB Raul Flores
|
0-0: Ball 1-0: Ball 2-0: SINGLE (Groundball, 5D, EV 95.0 MPH)
|
Batting: LHB Alfonso Collazo
|
0-0: Ball 1-0: Ball 2-0: Ball 3-0: Called Strike 3-1: Fly out, F8 (Flyball, 89D, EV 95.6 MPH)
|
Batting: RHB Manny Valencia
|
0-0: Called Strike 0-1: Ball 1-1: Called Strike 1-2: Ball 2-2: Fly out, F7 (Line Drive, 7, EV 92.5 MPH)
|
Batting: LHB Michael Merideth
|
0-0: Foul Ball, location: 2F 0-1: Ground out 4-3 (Groundball, 34D, EV 103.1 MPH)
|
Top of the 5th over - 0 runs, 1 hit, 0 errors, 1 left on base; London 0 - Paris 0 |
BOTTOM OF THE 5TH |
Paris Cubs batting - Pitching for London Majors : RHP Ki-nam Kang
|
Batting: RHB Josh Tunney
|
0-0: Called Strike 0-1: SINGLE (Groundball, 6MD, EV 98.8 MPH)
|
Batting: RHB D.J. Kelley
|
0-0: Ball 1-0: Swinging Strike 1-1: Fielders Choice at 2nd, 6-4 (Groundball, 6, EV 80.6 MPH)
|
Batting: SHB Dave Farrow
|
0-0: Fly out, F9 (Flyball, 89S, EV 86.3 MPH)
|
Batting: SHB A.J. Purcell
|
0-0: Called Strike 0-1: Called Strike 0-2: Strikes out looking
|
Bottom of the 5th over - 0 runs, 1 hit, 0 errors, 1 left on base; London 0 - Paris 0 |
TOP OF THE 6TH |
London Majors batting - Pitching for Paris Cubs : LHP Dan Wright
|
Batting: LHB Manny Ruvalcaba
|
0-0: Ball 1-0: Called Strike 1-1: Swinging Strike 1-2: Ball 2-2: Strikes out looking
|
Batting: RHB Dale Aubrey
|
0-0: Ground out 4-3 (Groundball, 4S, EV 69.4 MPH)
|
Batting: LHB Edgar Crespo
|
0-0: Called Strike 0-1: Ball 1-1: Ground out 3-1 (Groundball, 34, EV 83.8 MPH)
|
Top of the 6th over - 0 runs, 0 hits, 0 errors, 0 left on base; London 0 - Paris 0 |
BOTTOM OF THE 6TH |
Paris Cubs batting - Pitching for London Majors : RHP Ki-nam Kang
|
Batting: RHB Mike Manchester
|
0-0: Fly out, F8 (Flyball, 8RS, EV 80.6 MPH)
|
Batting: RHB Tokaji Sakamoto
|
0-0: Swinging Strike 0-1: Swinging Strike 0-2: Fly out, F2 (Popup, 25F, EV 80.6 MPH)
|
Batting: RHB Robert Chiarello
|
0-0: Ball 1-0: Ball 2-0: Foul Ball, location: 2F 2-1: Foul Ball, location: 2F 2-2: Fly out, F7 (Flyball, 78S, EV 88.8 MPH)
|
Bottom of the 6th over - 0 runs, 0 hits, 0 errors, 0 left on base; London 0 - Paris 0 |
TOP OF THE 7TH |
London Majors batting - Pitching for Paris Cubs : LHP Dan Wright
|
Batting: SHB Gregg Whitecotton
|
0-0: Ball 1-0: Swinging Strike 1-1: Foul Ball, location: 2F 1-2: Ground out 4-3 (Groundball, 4, EV 84.4 MPH)
|
Batting: RHB Tim Bolt
|
0-0: SINGLE (Groundball, 34, EV 86.9 MPH) (infield hit)
|
Pitching: RHP Carlos Quintero
|
|
Batting: SHB Raul Flores
|
0-0: Ball Tim Bolt steals 2nd base 1-0: Ball 2-0: Called Strike 2-1: Called Strike 2-2: Ball 3-2: Base on Balls
|
Batting: LHB Alfonso Collazo
|
0-0: Ball Tim Bolt is caught stealing 3rd base 2-5 1-0: Ball 2-0: Ball 3-0: Called Strike 3-1: Base on Balls Raul Flores to second
|
Batting: RHB Manny Valencia
|
0-0: Ball 1-0: Fielders Choice at 2nd, 6-4 (Groundball, 6, EV 102.5 MPH)
|
Top of the 7th over - 0 runs, 1 hit, 0 errors, 2 left on base; London 0 - Paris 0 |
BOTTOM OF THE 7TH |
Paris Cubs batting - Pitching for London Majors : RHP Ki-nam Kang
|
Batting: SHB Marty Wiedmann
|
0-0: Foul Ball, location: 2F 0-1: Ball 1-1: Ball 2-1: Foul Ball, location: 2F 2-2: Foul Ball, location: 2F 2-2: Foul Ball, location: 2F 2-2: SINGLE (Groundball, 6D, EV 94.4 MPH)
|
Pitching: LHP Bill Coffey
|
|
Batting: RHB Shigeru Maeda
|
0-0: Called Strike 0-1: Foul Ball, location: 2F 0-2: Ball 1-2: Strikes out swinging
|
Batting: RHB Josh Tunney
|
0-0: Ball 1-0: Called Strike 1-1: Called Strike 1-2: Foul Ball, location: 2F 1-2: Ball 2-2: Fly out, F8 (Flyball, 8LM, EV 95.0 MPH)
|
Batting: RHB D.J. Kelley
|
0-0: Ball 1-0: Ball 2-0: Fly out, F9 (Flyball, 9S, EV 77.5 MPH)
|
Bottom of the 7th over - 0 runs, 1 hit, 0 errors, 1 left on base; London 0 - Paris 0 |
TOP OF THE 8TH |
London Majors batting - Pitching for Paris Cubs : RHP Carlos Quintero
|
Batting: LHB Michael Merideth
|
0-0: Called Strike 0-1: Fly out, F7 (Flyball, 7, EV 83.8 MPH)
|
Batting: LHB Manny Ruvalcaba
|
0-0: Foul Ball, location: 2F 0-1: Ball 1-1: Swinging Strike 1-2: Fly out, F8 (Flyball, 8LD, EV 101.3 MPH)
|
Batting: RHB Dale Aubrey
|
0-0: Foul Ball, location: 2F 0-1: Called Strike 0-2: Strikes out looking
|
Top of the 8th over - 0 runs, 0 hits, 0 errors, 0 left on base; London 0 - Paris 0 |
BOTTOM OF THE 8TH |
Paris Cubs batting - Pitching for London Majors : LHP Bill Coffey
|
Batting: SHB Dave Farrow
|
0-0: Called Strike 0-1: Swinging Strike 0-2: Strikes out looking
|
Batting: SHB A.J. Purcell
|
0-0: Foul Ball, location: 2F 0-1: Swinging Strike 0-2: Ball 1-2: Strikes out swinging
|
Batting: RHB Mike Manchester
|
0-0: Ball 1-0: Called Strike 1-1: Ground out 6-3 (Groundball, 6, EV 101.9 MPH)
|
Bottom of the 8th over - 0 runs, 0 hits, 0 errors, 0 left on base; London 0 - Paris 0 |
TOP OF THE 9TH |
London Majors batting - Pitching for Paris Cubs : RHP Carlos Quintero
|
Pitching: RHP Jeremy Owens
|
|
Batting: LHB Edgar Crespo
|
0-0: Called Strike 0-1: Called Strike 0-2: Foul Ball, location: 2F 0-2: Ball 1-2: Strikes out swinging, 2-3 out at first.
|
Pinch Hitting: LHB Willie Sanchez
|
0-0: SINGLE (Flyball, 89S, EV 90.6 MPH)
|
Pinch Hitting: LHB Dustin Schneider
|
0-0: Ball 1-0: Swinging Strike 1-1: Fly out, F8 (Flyball, 8RM, EV 83.1 MPH)
|
Batting: SHB Raul Flores
|
0-0: Called Strike 0-1: Called Strike 0-2: Strikes out swinging
|
Top of the 9th over - 0 runs, 1 hit, 0 errors, 1 left on base; London 0 - Paris 0 |
BOTTOM OF THE 9TH |
Paris Cubs batting - Pitching for London Majors : LHP Bill Coffey
|
Pitching: RHP Alberto Piedra
|
|
Now at 1B: Willie Garza
|
|
Now at SS: Dylan Fenderson
|
|
Pinch Hitting: RHB Justin Norton
|
0-0: Called Strike 0-1: Ball 1-1: Ball 2-1: Ball 3-1: Foul Ball, location: 2F 3-2: Foul Ball, location: 2F 3-2: Foul Ball, location: 2F 3-2: Foul Ball, location: 2F 3-2: Base on Balls
|
Batting: RHB Robert Chiarello
|
0-0: DOUBLE (Line Drive, 7LS, EV 100.0 MPH) Justin Norton to third
|
Batting: SHB Marty Wiedmann
|
0-0: Ball 1-0: SINGLE (Groundball, 56D, EV 98.1 MPH) Justin Norton scores
|
|
Game Over ... Paris defeats London, 1 to 0
|
|
 |
Tuesday, March 28th , 2023 - OOTP Baseball 23.10 Build 110
|
|